 Dungeon Crawl Stone Soup version 0.13-a0-1710-g777f831 (webtiles) character file.

125 Aelig the Magician (level 4, 0/22 HPs)
             Began as a Deep Elf Wizard on June 21, 2013.
             Succumbed to a kobold's poison
             ... while paralysed by a potion of paralysis
             ... on Level 2 of the Dungeon.
             The game lasted 00:06:28 (2320 turns).

Aelig the Magician (Deep Elf Wizard)                Turns: 2320, Time: 00:06:28

HP   0/22        AC  2     Str  4      XL: 4   Next: 22%
MP  18/18        EV  2     Int 24      God:
Gold 42          SH  0     Dex 13      Spells:  5 memorised,  6 levels left

Res.Fire  : . . .   See Invis. : .   g - +2,+0 elf dagger (return)
Res.Cold  : . . .   Warding    : .   a - +0 elf robe
Life Prot.: . . .   Conserve   : .   (no shield)
Res.Poison: .       Res.Corr.  : .   b - +0 elf wizard hat
Res.Elec. : .       Clarity    : .   (no cloak)
Sust.Abil.: . .     Spirit.Shd : .   (no gloves)
Res.Mut.  : .       Stasis     : .   (no boots)
Res.Rott. : .       Flight     : +   (no amulet)
Saprovore : . . .                    (no ring)
                                     (no ring)

@: paralysed, flying, quite poisoned, slightly resistant to hostile
enchantments, fairly stealthy
A: no striking features
a: no special abilities


You were on level 2 of the Dungeon.
You were hungry.

You visited 1 branch of the dungeon, and saw 3 of its levels.

You collected 22 gold pieces.

Inventory:

Hand weapons
 g - a +2,+0 elven dagger of returning (weapon)
Armour
 a - a +0 elven robe (worn)
 b - a +0 elven wizard hat (worn)
Comestibles
 d - a bread ration
 o - a snozzcumber
 v - a chunk of bat flesh
Scrolls
 h - 4 scrolls of remove curse {unknown}
 i - a scroll of noise {unknown}
 j - a scroll of teleportation {unknown}
 k - 2 scrolls of identify {unknown}
 q - a scroll of fog {unknown}
 r - 2 scrolls of curse jewellery {unknown}
Jewellery
 u - an uncursed ring of ice {unknown}
Potions
 l - a potion of poison {unknown}
 m - a potion of invisibility {unknown}
 n - a potion of restore abilities {unknown}
 p - a potion of beneficial mutation {unknown}
 s - a potion of curing {unknown}
 t - a potion of resistance {unknown}
Books
 c - a book of Minor Magic

   Spells                             Type                      Level
   *Magic Dart                        Conjuration                  1
   *Blink                             Translocation                2
   Call Imp                           Summoning                    2
   *Repel Missiles                    Charms/Air                   2
   Slow                               Hexes                        2
   *Conjure Flame                     Conjuration/Fire             3
   *Mephitic Cloud                    Conjuration/Poison/Air       3


   Skills:
 - Level 2.4 Dodging
 - Level 2.4 Stealth
 - Level 7.0 Spellcasting
 + Level 1.1 Conjurations
   Level 1.1 Summonings
 - Level 1.1 Translocations


You had 6 spell levels left.
You knew the following spells:

 Your Spells              Type           Power        Failure   Level  Hunger
a - Magic Dart            Conj           ##..         6%          1    None
b - Blink                 Tloc           N/A          10%         2    None
c - Repel Missiles        Chrm/Air       #.........   12%         2    None
d - Mephitic Cloud        Conj/Pois/Air  ##......     21%         3    None
e - Conjure Flame         Conj/Fire      ##......     21%         3    None


Dungeon Overview and Level Annotations

Branches:
Dungeon (3/27)

Altars:
Elyvilon

Annotations
D:1 exclusion: door


Message History

* * * LOW HITPOINT WARNING * * *
You feel sick.
You start resting.
* * * LOW HITPOINT WARNING * * *
You feel sick.
Drink which item? (? for menu, Esc to quit)
You feel very buoyant.
You fly up into the air.
It was a potion of flight.
* * * LOW HITPOINT WARNING * * *
You feel sick.
Drink which item? (? for menu, Esc to quit)
You suddenly lose the ability to move!
It was a potion of paralysis.
You are feeling hungry.
* * * LOW HITPOINT WARNING * * *
You feel sick.
* * * LOW HITPOINT WARNING * * *
You feel sick.
* * * LOW HITPOINT WARNING * * *
You feel sick.
You die...

#......# ..####.# ### .....#(###
##.## .#.#.....######...##
.....#..#..........###########
.#.#.#.#.######..............#
()...#.### ##.###########.#
.......# #.# #.#
###.#.##########@# #.#
#.###.##.....##'## #.###
##.#.....#.#.(...## #...#
##.####..........## #####.#
####.#.##.#.#.......## ##.###.#
........#............####...##.##
.###.......+...<....('...........
.# #....####.........####...##.##
.# #...## ##>......## ##.###.#


There were no monsters in sight!

Vanquished Creatures
  2 adders (D:2)
  3 giant mites
  A giant gecko (D:1)
  An ooze (D:2)
  A ball python (D:3)
  3 bats
  2 giant cockroaches
  8 hobgoblins
  2 jackals (D:2)
  5 kobolds (D:2)
  3 giant newts
  5 goblins
  6 rats
42 creatures vanquished.

Notes
Turn   | Place    | Note
--------------------------------------------------------------
     0 | D:1      | Aelig, the Deep Elf Wizard, began the quest for the Orb.
     0 | D:1      | Reached XP level 1. HP: 8/8 MP: 7/7
   202 | D:1      | Reached skill level 5 in Spellcasting
   218 | D:1      | Reached XP level 2. HP: 8/13 MP: 1/10
   969 | D:2      | Reached XP level 3. HP: 17/17 MP: 5/14
  1039 | D:2      | Learned a level 2 spell: Blink
  1042 | D:2      | Learned a level 2 spell: Repel Missiles
  1046 | D:2      | Learned a level 3 spell: Mephitic Cloud
  1050 | D:2      | Learned a level 3 spell: Conjure Flame
  1076 | D:2      | Reached skill level 6 in Spellcasting
  1192 | D:2      | Found a white marble altar of Elyvilon.
  1985 | D:2      | Reached XP level 4. HP: 22/22 MP: 16/18
  2269 | D:3      | Reached skill level 7 in Spellcasting
  2317 | D:2      | Paralysed by a potion of paralysis for 5 turns
  2319 | D:2      | HP: 1/22 [poisoned by a kobold]
  2320 | D:2      | Succumbed to a kobold's poison

Action                   |  1- 3 |  4- 6 || total
-------------------------+-------+-------++-------
Melee: Dagger            |     7 |       ||     7
 Cast: Magic Dart        |    90 |    16 ||   106
       Conjure Flame     |     2 |       ||     2
  Use: Potion            |       |     2 ||     2
